 Dungeon Crawl Stone Soup version 0.24-a0-769-g368c1644f8 (webtiles) character file.

Game seed: 494327221697235485, levelgen mode: deterministic

90 Erlindor the Shooter (level 4, -1/38 HPs)
             Began as a Centaur Hunter on Oct 5, 2019.
             Slain by a jackal skeleton (2 damage)
             ... on level 4 of the Dungeon.
             The game lasted 00:05:22 (1515 turns).

Erlindor the Shooter (Centaur Hunter)               Turns: 1515, Time: 00:05:23

Health: -1/38      AC:  4    Str: 11 (14) XL:     4   Next: 32%
Magic:  4/4        EV:  9    Int: 12 (15) God:
Gold:   31         SH:  0    Dex: 10 (11) Spells: 3/3 levels left

rFire    . . .     SeeInvis .   a - +1 shortbow
rCold    . . .     Gourm    .   (shield currently unavailable)
rNeg     . . .     Faith    .   c - +0 leather armour
rPois    .         Spirit   .   (no helmet)
rElec    .         Reflect  .   g - scarf {repulsion}
rCorr    .         Harm     .   (no gloves)
MR       .....                  (no barding)
Stlth    +.........             (no amulet)
HPRegen  0.12/turn              (no ring)
MPRegen  0.09/turn              (no ring)

@: brilliant, about to teleport, repel missiles, very quick
A: large, hooves 3, deformed body, speed 2, tough skin 3
a: no special abilities


You were on level 4 of the Dungeon.
You were hungry.

You visited 1 branch of the dungeon, and saw 3 of its levels.

You collected 31 gold pieces.

Inventory:

Hand Weapons
 a - a +1 shortbow (weapon)
 b - a +0 short sword
Missiles
 d - 46 arrows (quivered)
Armour
 c - a +0 leather armour (worn)
 g - a scarf of repulsion (worn)
Jewellery
 k - an uncursed ring of magical power {unknown}
Wands
 l - a wand of polymorph (6)
Scrolls
 h - a scroll of teleportation
 i - 3 scrolls of identify {unknown}
Comestibles
 f - 3 rations


   Skills:
 + Level 3.2 Fighting
 + Level 6.3 Bows
 - Level 2.0 Dodging
 - Level 0.4 Stealth


You had 3 spell levels left.
You didn't know any spells.
Your spell library was empty.

Dungeon Overview and Level Annotations

Branches:
Dungeon (2/15)

Altars:
Qazlal

Annotations:
D:4 Eustachio


Innate Abilities, Weirdness & Mutations

You have hooves in place of feet.
Armour fits poorly on your strangely shaped body.
You cover ground very quickly.
You have extremely tough skin. (AC +3)


Message History

The howler monkey hoots and howls with incredible vigour!
Firing (i - inventory)
d - 48 arrows (quivered)
Press: ? - help, Shift-Dir - straight line, f - hound
Aim: a hound You shoot an arrow.
The arrow closely misses the hound.
The hound barely misses you.
A phantom comes into view.
The hound closely misses you.
Firing (i - inventory)
d - 47 arrows (quivered)
Press: ? - help, Shift-Dir - straight line, f/p - hound
Aim: a hound You shoot an arrow.
The arrow hits the hound.
The hound is moderately wounded.
The jackal skeleton barely misses you. The hound bites you.
* * * LOW HITPOINT WARNING * * *
The phantom blinks!
The worker ant barely misses you.
As you read the scroll labeled BEEFIC BEROZY, it crumbles to dust.
You feel strangely unstable.
It was a scroll of teleportation.
The hound barely misses you. The jackal skeleton bites you.
You die...

...##
#.######..)..#####.##
####
#.......[..........# #
#...#######.#........#
# ###.#.# #.#........#
##)...#.# #.#.......[#
....# #.# ..#........#
##..###.# .##hr......#
........#
####a.......# #.#.###.
#(h@Z######## ..# ###.
....<.#### .##.....
...## .....##. #
.##?.... .# .#.#
###..#.# .......#
.##..###


You could see a howler monkey, a hound, a worker ant, a quokka and a jackal
skeleton.

Vanquished Creatures
  3 adders (D:2)
  An ooze (D:2)
  2 worms
  2 dart slugs (D:1)
  A leopard gecko (D:2)
  An orc (D:2)
  3 ball pythons
  11 goblins
  6 hobgoblins
  6 kobolds (D:1)
  A bat (D:2)
  4 frilled lizards (D:1)
  5 rats
46 creatures vanquished.

Notes
Turn   | Place    | Note
-------+----------+-------------------------------------------
     0 | D:1      | Erlindor the Centaur Hunter began the quest for the Orb.
     0 | D:1      | Reached XP level 1. HP: 17/17 MP: 1/1
   120 | D:1      | Reached XP level 2. HP: 23/24 MP: 2/2
   714 | D:1      | Reached XP level 3. HP: 30/30 MP: 3/3
  1041 | D:2      | Reached skill level 6 in Bows
  1136 | D:2      | Found a stormy altar of Qazlal.
  1228 | D:2      | Reached XP level 4. HP: 38/38 MP: 4/4
  1393 | D:2      | You fall into a shaft and drop 2 floors!
  1452 | D:4      | Noticed Eustachio
  1491 | D:4      | HP: 1/38 [worm (5)]
  1508 | D:4      | HP: 1/38 [jackal skeleton (1)]
  1513 | D:4      | Noticed a phantom
  1514 | D:4      | HP: 1/38 [hound (1)]
  1515 | D:4      | Slain by a jackal skeleton

Levels and vault maps discovered:
D:1:      dpeg_arrival_leaves_temple_mockup, layout_loops_ring
D:2:      cheibrodos_helix_gallery, layout_loops_ring,
          nicolae_overflow_hidden_temple, gammafunk_temple_overflow_claw,
          minmay_pentomino_r2, uniq_crazy_yiuf_cottage
D:4:      layout_rooms, first_ration, serial_shops,
          nicolae_shop_window_shopping, uniq_eustachio

Skill      XL: |  1  2  3 |
---------------+----------+-----
Dodging        | 2 |  2.0
Bows           | 6 |  6.3
Fighting       | 3 |  3.2
Stealth        | |  0.4

Action                   |  1- 3 |  4- 6 || total
-------------------------+-------+-------++-------
Melee: Short sword       |     7 |       ||     7
       Kick              |     1 |       ||     1
 Fire: Shortbow          |   113 |    36 ||   149
  Use: Potion            |       |     2 ||     2
       Scroll            |       |     1 ||     1
Armor: Leather armour    |    15 |     4 ||    19
Dodge: Dodged            |    17 |    16 ||    33
       Deflected         |     2 |       ||     2

Table legend:
 A = Non-vault XP
 B = Vault XP
 C = Vault XP percentage of total XP
 D = Non-vault monster count
 E = Vault monster count
 F = Vault count percentage of total count
                 A         B        C        D         E       F
            +---------+---------+-------+---------+---------+-------
      Total |     115 |      14 |  10.9 |      45 |       1 |   2.2
            +---------+---------+-------+---------+---------+-------
        D:1 |      43 |       0 |   0.0 |      24 |       0 |   0.0
        D:2 |      67 |      14 |  17.3 |      20 |       1 |   4.8
        D:4 |       5 |       0 |   0.0 |       1 |       0 |   0.0
            +---------+---------+-------+---------+---------+-------
